 Dungeon Crawl Stone Soup version 0.29.0-7-g18a832c13a (webtiles) character file.

Game seed: 4932154355939605172

231 lonewolfV2 the Chopper (level 5, -4/41 HPs)
             Began as a Demonspawn Fighter on Aug 31, 2022.
             Killed by divine providence
             ... invoked by an orc priest
              (14 damage)
             ... on level 4 of the Dungeon.
             The game lasted 00:06:57 (4257 turns).

lonewolfV2 the Chopper (Demonspawn Fighter)         Turns: 4257, Time: 00:06:57

Health: -4/41      AC:  6    Str: 18    XL:     5   Next: 73%
Magic:  5/5        EV:  9    Int:  9    God:
Gold:   177        SH:  8    Dex: 13    Spells: 4/4 levels left

rFire   . . .      SeeInvis .   a - +1 war axe
rCold   . . .      Faith    .   c - +0 buckler
rNeg    . . .      Spirit   .   b - +0 scale mail
rPois   .          Reflect  .   (helmet restricted)
rElec   .          Harm     .   (no cloak)
rCorr   .          Rampage  .   (no gloves)
Will    .....                   (no boots)
Stlth   ..........              (no amulet)
HPRegen 0.13/turn               (no ring)
MPRegen 0.18/turn               (no ring)

@: no status effects
A: horns 1, large bone plates 1, demonic guardian 1, magic regeneration
a: no special abilities


You were on level 4 of the Dungeon.
You visited 1 branch of the dungeon, and saw 4 of its levels.

You collected 177 gold pieces.

Inventory:

Hand Weapons
 a - a +1 war axe (weapon)
Armour
 b - a +0 scale mail (worn)
 c - a +0 buckler (worn)
Scrolls
 g - a scroll of enchant weapon
Potions
 d - 2 potions of heal wounds {unknown}
 e - a potion of lignification {unknown}
 f - a potion of curing {unknown}
 h - a potion of brilliance {unknown}


   Skills:
 + Level 3.5 Fighting
 + Level 4.0 Axes
 + Level 3.6 Armour
 + Level 0.8 Dodging
 + Level 3.3 Shields


You had 4 spell levels left.
You didn't know any spells.
Your spell library contained the following spells:

 Spells                   Type           Power      Damage    Failure   Level
 Apportation              Tloc           0%         N/A       86%         1
 Necrotise                Necr           0%         1d4       86%         1
 Summon Small Mammal      Summ           0%         N/A       86%         1
 Dazzling Flash           Conj/Hex       0%         N/A       99%         3
 Agony                    Necr           0%         N/A       100%        5
 Silence                  Hex/Air        0%         N/A       100%        5


Dungeon Overview and Level Annotations

Branches:
Dungeon (4/15)
 Temple: D:4-7

Altars:
Cheibriados
Dithmenos
Fedhas
Kikubaaqudgha
Qazlal
Uskayaw
Wu Jian
Xom

Shops:
D:2 [   D:3 [


Innate Abilities, Weirdness & Mutations

You have a pair of small horns on your head.
You are partially covered in large bone plates. (SH +4)
A weak demonic guardian rushes to your aid.
You regenerate magic rapidly.


Message History

The orc priest is almost dead.
You barely miss the kobold.
The orc priest invokes the aid of Beogh against you.
Pain shoots through your body!
* * * LOW HITPOINT WARNING * * *
A demonic guardian appears!
The kobold completely misses you.
Your white imp hits the kobold.
Your white imp freezes the kobold.
The kobold dies!
The orc priest miscasts a cantrip.
Your white imp closely misses the ball python.
You slash the orc priest!
You kill the orc priest!
You hit the ball python. The ball python barely misses you. x2
Your white imp gestures at the ball python.
The puff of frost hits the ball python.
The ball python dies!
Your Axes skill increases to level 4!
Items here: )) ††.
You start resting.
A goblin comes into view. It is wielding a +0 club.
A goblin is nearby!
A goblin is nearby!
A goblin is nearby!
You swap places.
Your white imp disappears in a puff of smoke!
Your ufetubus disappears in a puff of smoke!
Found a stone staircase leading down.
Found 13 gold pieces.
Found 18 gold pieces.
An orc priest comes into view. It is wielding a +0 dagger.
The orc priest shouts!
You hear a shout! x2
An orc comes into view. It is wielding a +0 trident.
An orc comes into view. It is wielding a +0 mace.
The orc shouts!
An orc comes into view. It is wielding a +0 club.
There are monsters nearby!
There are monsters nearby!
The orc priest invokes the aid of Beogh against you.
Beogh smites you!
You die...

#......##...
##...........
#............
#............
#.......>....
#............
#............
######............
#.......@.......##
#..o....#########
....o...#
..$......
..oo......
.$.####.... ...
#..... .. #....#.
#....#..


You could see an orc priest and 3 orcs.

Vanquished Creatures
  An orc priest (D:4)
  An iron imp (D:3)
  Terence (D:2)
  3 adders
  2 worms (D:2)
  4 dart slugs
  3 orcs
  10 ball pythons
  4 endoplasms
  3 giant cockroaches
  8 goblins
  6 hobgoblins
  4 jackals (D:1)
  11 bats
  5 frilled lizards
  10 kobolds
  3 rats
79 creatures vanquished.

Vanquished Creatures (collateral kills)
  Crazy Yiuf (D:2)
  A ball python (D:4)
  A kobold (D:4)
3 creatures vanquished.

Grand Total: 82 creatures vanquished

Notes
Turn   | Place    | Note
-------+----------+-------------------------------------------
     0 | D:1      | lonewolfV2 the Demonspawn Fighter began the quest for the
                  | Orb.
     0 | D:1      | Reached XP level 1. HP: 18/18 MP: 1/1
   211 | D:1      | Reached skill level 2 in Axes
   436 | D:1      | Gained mutation: A weak demonic guardian rushes to your
                  | aid. [demonic ancestry]
   436 | D:1      | Reached XP level 2. HP: 18/24 MP: 2/2
   951 | D:1      | Gained mutation: You are partially covered in large bone
                  | plates. (SH +4) [demonic ancestry]
   951 | D:1      | Reached XP level 3. HP: 25/29 MP: 3/3
  1214 | D:1      | Found a faded altar of an unknown god.
  1756 | D:2      | Found Zytuil's Armour Shoppe.
  1766 | D:2      | Found an ornate altar of the Wu Jian Council.
  1966 | D:2      | Noticed Terence
  1990 | D:2      | Killed Terence
  1991 | D:2      | Reached skill level 3 in Axes
  1991 | D:2      | Gained mutation: You have a pair of small horns on your
                  | head. [demonic ancestry]
  1991 | D:2      | Reached XP level 4. HP: 17/35 MP: 4/4
  2343 | D:2      | Found a runed translucent door.
  2344 | D:2      | Noticed Crazy Yiuf
  2550 | D:2      | Killed Crazy Yiuf
  2556 | D:2      | HP: 1/35 [poisoned by Crazy Yiuf]
  3295 | D:3      | Found Zanuil's Antique Armour Boutique.
  3564 | D:3      | Gained mutation: You regenerate magic rapidly. [demonic
                  | ancestry]
  3564 | D:3      | Reached XP level 5. HP: 41/41 MP: 5/5
  3573 | D:3      | Found a stormy altar of Qazlal.
  3675 | D:3      | Found a blossoming altar of Fedhas.
  3675 | D:3      | Found a shimmering altar of Xom.
  3676 | D:3      | Found a shadowy altar of Dithmenos.
  3931 | D:3      | Found a hide-covered altar of Uskayaw.
  3931 | D:3      | Found an ancient bone altar of Kikubaaqudgha.
  4084 | D:3      | Found a snail-covered altar of Cheibriados.
  4221 | D:4      | Reached skill level 4 in Axes
  4257 | D:4      | Killed from afar by an orc priest

Illustrated notes

Levels and vault maps discovered:
D:1:      matt_arrival_spirals, layout_basic, chequers_ecumenical_altar_island,
          minmay_octomino_e4
D:2:      layout_loops_ring, serial_shops, shop, basic_altar,
          kennysheep_flooded_box, uniq_crazy_yiuf_cottage, uniq_terence
D:3:      layout_loops_ring, chei_slow_surprise, grunt_qazlal_clouds,
          grunt_temple_overflow_open, nicolae_overflow_two_pavilions,
          serial_shops, nicolae_shop_window_shopping, small_statue_intersection
D:4:      layout_basic

Skill      XL: |  1  2  3  4  5 |
---------------+----------------+-----
Axes           | 2 3 4 |  4.0
Armour         | 3 |  3.6
Shields        | 3 |  3.3
Fighting       | |  3.5
Dodging        | |  0.8

Action                   |  1- 3 |  4- 6 || total
-------------------------+-------+-------++-------
Melee: War axe           |   135 |    64 ||   199
       Headbutt          |       |     5 ||     5
  Use: Scroll            |     5 |       ||     5
       Potion            |       |     1 ||     1
Armor: Scale mail        |    85 |    14 ||    99
Dodge: Dodged            |    90 |    24 ||   114
Block: Buckler           |    79 |    27 ||   106
